 Dungeon Crawl Stone Soup version 0.25-a0-404-gc1b5a34292 (webtiles) character file.

Game seed: 10101600346486465740, levelgen mode: deterministic

23 Essalna the Gusty (level 2, 0/15 HPs)
             Began as a Tengu Air Elementalist on Jan 11, 2020.
             Slain by a hound (2 damage)
             ... on level 2 of the Dungeon.
             The game lasted 00:04:08 (1031 turns).

Essalna the Gusty (Tengu Air Elementalist)          Turns: 1031, Time: 00:04:08

Health: 0/15       AC:  2    Str:  8    XL:     2   Next: 95%
Magic:  1/6        EV: 13    Int: 15    God:
Gold:   50         SH:  0    Dex: 18    Spells: 4/5 levels left

rFire    . . .     SeeInvis .   i - +0 dagger
rCold    . . .     Gourm    .   (no shield)
rNeg     . . .     Faith    .   a - +0 robe
rPois    .         Spirit   .   (helmet restricted)
rElec    .         Reflect  .   (no cloak)
rCorr    .         Harm     .   (no gloves)
MR       .....                  (boots unavailable)
Stlth    ++........             b - amulet of inaccuracy (curse)
HPRegen  0.05/turn              g - +4 ring of dexterity
MPRegen  0.10/turn              (no ring)

@: no status effects
A: beak, talons 3
a: no special abilities


You were on level 2 of the Dungeon.
You were not hungry.

You visited 1 branch of the dungeon, and saw 2 of its levels.

You collected 50 gold pieces.

Inventory:

Hand Weapons
 i - a +0 dagger (weapon)
Armour
 a - a +0 robe (worn)
Jewellery
 b - a cursed amulet of inaccuracy (around neck)
 g - a +4 ring of dexterity (left hand)
Scrolls
 e - a scroll of remove curse {unknown}
 j - a scroll of enchant weapon {unknown}
Potions
 d - a potion of flight
 f - a potion of ambrosia {unknown}
Comestibles
 c - 6 rations
 h - 4 chunks of flesh


   Skills:
 - Level 2.1 Dodging
 - Level 2.0 Stealth
 - Level 2.0 Spellcasting
 + Level 2.7 Conjurations
 + Level 4.7 Air Magic


You had 4 spell levels left.
You knew the following spells:

 Your Spells              Type           Power        Failure   Level  Hunger
a - Shock                 Conj/Air       ##..         4%          1    #......

Your spell library contained the following spells:

 Spells                   Type           Power        Failure   Level  Hunger
 Swiftness                Chrm/Air       #.......     13%         2    ###....
 Static Discharge         Conj/Air       ##......     14%         3    ###....
 Airstrike                Air            ###.......   30%         4    #####..
 Lightning Bolt           Conj/Air       ##........   78%         5    ######.


Dungeon Overview and Level Annotations

Branches:
Dungeon (2/15)

Altars:
Nemelex Xobeh
Ru
Sif Muna
Wu Jian


Innate Abilities, Weirdness & Mutations

You have a beak for a mouth.
You have claws for feet.


Message History

The hound is almost dead.
The hound bites you but does no damage. The hound barely misses you.
The hound bites you. The hound bites you.
Casting: Shock (safe; 4% risk of failure)
Confirm with . or Enter, or press ? or * to list all spells.
Aiming: Shock (safe; 4% risk of failure)
Press: ? - help, Shift-Dir - straight line, f/p - hound
Aim: a hound (almost dead)
The zap misses the hound.
The hound barely misses you. The hound closely misses you.
You miss the hound. You claw the hound.
The hound is almost dead.
The hound bites you. The hound misses you.
The hound bites you but does no damage. The hound bites you.
* * * LOW HITPOINT WARNING * * *
The hound bites you.
You die...

#..._...# #.#.#...#.#.
##..)....######.#.##..# #
#.................# ..?
#._..⌠.._..####.####..#.
#........................
###.......######.#####.#.#
......_........#..........
####....######.#h######..#
..#.#..........@.......
#.#.#########.#######..
#.#.# #.# #.#.# ... #.#.#
#... ##.#.# #... .....#
#.... ##.### #..
##.#######


You could see a hound.

Vanquished Creatures
  A giant cockroach (D:1)
  2 goblins (D:1)
  5 hobgoblins
  A ball python (D:1)
  3 bats (D:1)
  4 frilled lizards
  7 kobolds
  A rat (D:1)
24 creatures vanquished.

Notes
Turn   | Place    | Note
-------+----------+-------------------------------------------
     0 | D:1      | Essalna the Tengu Air Elementalist began the quest for the
                  | Orb.
     0 | D:1      | Reached XP level 1. HP: 10/10 MP: 4/4
   204 | D:1      | Reached XP level 2. HP: 9/15 MP: 0/6
   909 | D:2      | Found a shimmering blue altar of Sif Muna.
   910 | D:2      | Found a sacrificial altar of Ru.
   910 | D:2      | Found an ornate altar of the Wu Jian Council.
   912 | D:2      | Found a sparkling altar of Nemelex Xobeh.
  1031 | D:2      | Slain by a hound

Levels and vault maps discovered:
D:1:      co_arrival_two_rings, layout_loops_ring
D:2:      layout_basic, grunt_temple_overflow_open, first_ration

Skill      XL: |  1 |
---------------+----+-----
Conjurations   | 2 |  2.7
Dodging        | |  2.1
Stealth        | |  2.0
Spellcasting   | |  2.0
Air Magic      | |  4.7

Action                   || total
-------------------------++-------
Melee: Unarmed           ||     6
       Kick              ||     4
       Dagger            ||     4
 Cast: Shock             ||    51
  Use: Scroll            ||     2
  Eat: Chunk             ||     1
Armor: Robe              ||     5
Dodge: Dodged            ||    34

Table legend:
 A = Non-vault XP
 B = Vault XP
 C = Vault XP percentage of total XP
 D = Non-vault monster count
 E = Vault monster count
 F = Vault count percentage of total count
                 A         B        C        D         E       F
            +---------+---------+-------+---------+---------+-------
      Total |      33 |       0 |   0.0 |      24 |       0 |   0.0
            +---------+---------+-------+---------+---------+-------
        D:1 |      26 |       0 |   0.0 |      19 |       0 |   0.0
        D:2 |       7 |       0 |   0.0 |       5 |       0 |   0.0
            +---------+---------+-------+---------+---------+-------
